 Dungeon Crawl Stone Soup version 0.25-a0-681-gdf4e720381 (webtiles) character file.

Game seed: 13853890708413493750, levelgen mode: deterministic

7 DerDa the Firebug (level 1, 0/13 HPs)
             Began as a Demonspawn Fire Elementalist on Mar 30, 2020.
             Hit by a stone thrown by a goblin (2 damage)
             ... on level 1 of the Dungeon.
             The game lasted 00:01:22 (94 turns).

DerDa the Firebug (Demonspawn Fire Elementalist)      Turns: 94, Time: 00:01:23

Health: 0/13       AC:  2    Str:  8    XL:     1   Next: 91%
Magic:  1/3        EV: 12    Int: 16    God:
Gold:   8          SH:  0    Dex: 13    Spells: 3/4 levels left

rFire    . . .     SeeInvis .   d - +0 club
rCold    . . .     Gourm    .   (no shield)
rNeg     . . .     Faith    .   a - +0 robe
rPois    .         Spirit   .   (no helmet)
rElec    .         Reflect  .   (no cloak)
rCorr    .         Harm     .   (no gloves)
MR       .....                  (no boots)
Stlth    ++........             (no amulet)
HPRegen  0.04/turn              (no ring)
MPRegen  0.08/turn              (no ring)

@: no status effects
A: no striking features
a: no special abilities


You were on level 1 of the Dungeon.
You were not hungry.

You visited 1 branch of the dungeon, and saw 1 of its levels.

You collected 8 gold pieces.

Inventory:

Hand Weapons
 d - a +0 club (weapon)
Missiles
 g - 12 poisoned darts (quivered)
Armour
 a - a +0 robe (worn)
Scrolls
 e - a scroll of teleportation {unknown}
 f - a scroll of enchant armour {unknown}
Comestibles
 b - 2 chunks of flesh
 c - a ration


   Skills:
 - Level 1.7 Dodging
 - Level 1.7 Stealth
 * Level 2.2 Spellcasting
 * Level 1.3 Conjurations
 * Level 2.9 Fire Magic


You had 3 spell levels left.
You knew the following spells:

 Your Spells              Type           Power        Failure   Level  Hunger
a - Foxfire               Conj/Fire      #...         9%          1    #......

Your spell library contained the following spells:

 Spells                   Type           Power        Failure   Level  Hunger
 Conjure Flame            Conj/Fire      #.......     26%         3    ###....
 Inner Flame              Hex/Fire       #.......     32%         3    ###....
 Sticky Flame             Conj/Fire      #.......     63%         4    #####..
 Fireball                 Conj/Fire      #.........   93%         5    ######.


Dungeon Overview and Level Annotations

Branches:
Dungeon (1/15)

Altars:


Message History

You hit the hobgoblin but do no damage.
The hobgoblin is almost dead.
The hobgoblin hits you with a +0 club. The jackal misses you.
The jackal completely misses you. The jackal bites you.
* * * LOW HITPOINT WARNING * * *
You aren't carrying any potions.
Unknown command.
A frilled lizard comes into view.
The jackal bites you but does no damage.
The goblin throws a stone.
The stone barely misses you.
You see here a stone.
The goblin throws a stone.
The stone closely misses you. The jackal barely misses you.
The goblin throws a stone.
The stone hits you but does no damage.
You see here a stone.
The goblin throws a stone.
The stone barely misses you.
There is a staircase leading out of the dungeon here.
The goblin throws a stone.
The stone hits you.
You die...

#####=#.).)÷##.#.###
.........#..........
#.#....#.#.g..#.#.
....#..##.##..#....#
... #..#((.#..# ....
..# #..#g..#..# #..
.(.###...((.g..###...
#......#h<.#......#
...#....#@..#....###
# ##....###.....#
#......#......##
#.......†........#
..?...##....)##.....#
...#.# #.....# #...##
...#. #.#...#.# [..#
.. #. ###...### .....
..... ....


You could see a jackal, a hobgoblin and a goblin.

Vanquished Creatures
  A bat (D:1)
  A goblin (D:1)
  A hobgoblin (D:1)
  A frilled lizard (D:1)
  A kobold (D:1)
  3 rats (D:1)
8 creatures vanquished.

Vanquished Creatures (others)
  14 foxfires (D:1)
14 creatures vanquished.

Grand Total: 22 creatures vanquished

Notes
Turn   | Place    | Note
-------+----------+-------------------------------------------
     0 | D:1      | DerDa the Demonspawn Fire Elementalist began the quest for
                  | the Orb.
     0 | D:1      | Reached XP level 1. HP: 13/13 MP: 3/3
    94 | D:1      | Hit by a stone thrown by a goblin

Levels and vault maps discovered:
D:1:      erik_arrival_blinker_ship, layout_rooms

Action                   || total
-------------------------++-------
Melee: Club              ||     7
       Unarmed           ||     1
 Cast: Foxfire           ||     9
Armor: Robe              ||     4
Dodge: Dodged            ||    13

Table legend:
 A = Non-vault XP
 B = Vault XP
 C = Vault XP percentage of total XP
 D = Non-vault monster count
 E = Vault monster count
 F = Vault count percentage of total count
                 A         B        C        D         E       F
            +---------+---------+-------+---------+---------+-------
      Total |      11 |       0 |   0.0 |       8 |       0 |   0.0
            +---------+---------+-------+---------+---------+-------
        D:1 |      11 |       0 |   0.0 |       8 |       0 |   0.0
            +---------+---------+-------+---------+---------+-------
